 Dungeon Crawl Stone Soup version 0.26.0-18-gc5c842f807 (webtiles) character file.

Game seed: 15270059905809851011

125 thiole the Sneak (level 5, -5/31 HPs)
             Began as an Octopode Hedge Wizard on Jan 22, 2021.
             Slain by an iguana (13 damage)
             ... on level 3 of the Dungeon.
             The game lasted 00:05:12 (3995 turns).

thiole the Sneak (Octopode Hedge Wizard)            Turns: 3995, Time: 00:05:12

Health: -5/31      AC:  1    Str:  9    XL:     5   Next: 9%
Magic:  9/10       EV: 13    Int: 18    God:
Gold:   158        SH:  0    Dex: 11    Spells: 3/11 levels left

rFire    . . .     SeeInvis .   a - +0 dagger
rCold    . . .     Faith    .   (no shield)
rNeg     . . .     Spirit   .   b - +0 hat
rPois    .         Reflect  .   (no amulet)
rElec    .         Harm     .   (no ring)
rCorr    .         Rampage  .   (no ring)
Will     .....                  (no ring)
Stlth    +++.......             (no ring)
HPRegen  0.10/turn              (no ring)
MPRegen  0.12/turn              (no ring)
                                (no ring)
                                (no ring)

@: no status effects
A: almost no armour, stealthy swim, amphibious, 8 rings, constrict 8, camouflage
1, gelatinous body 1
a: no special abilities


You were on level 3 of the Dungeon.
You visited 1 branch of the dungeon, and saw 4 of its levels.

You collected 158 gold pieces.

Inventory:

Hand Weapons
 a - a +0 dagger (weapon)
Armour
 b - a +0 hat (worn)
Scrolls
 c - 2 scrolls of remove curse {unknown}
 d - 6 scrolls of identify {unknown}
 e - 2 scrolls of amnesia {unknown}
 f - a scroll of noise {unknown}
 i - a scroll of teleportation {unknown}
 j - a scroll of enchant weapon {unknown}
 k - 3 scrolls of blinking {unknown}
 m - a scroll of magic mapping {unknown}
 n - a scroll of immolation {unknown}
 o - a scroll of random uselessness {unknown}
Potions
 g - 2 potions of curing {unknown}
 h - 3 potions of lignification {unknown}
 l - a potion of heal wounds {unknown}
 p - a potion of resistance {unknown}


   Skills:
 - Level 2.0 Dodging
 + Level 3.9 Stealth
 + Level 3.5 Spellcasting
 - Level 2.0 Conjurations
 + Level 1.1 Hexes
 - Level 2.0 Summonings
 - Level 1.0 Translocations
 * Level 1.8 Air Magic


You had 3 spell levels left.
You knew the following spells:

 Your Spells              Type           Power        Failure   Level
a - Magic Dart            Conj           40%          7%          1
b - Call Imp              Summ           10%          11%         2
c - Slow                  Hex            7%           16%         2
d - Mephitic Cloud        Conj/Pois/Air  7%           28%         3

Your spell library contained the following spells:

 Spells                   Type           Power        Failure   Level
 Blink                    Tloc           N/A          16%         2
 Conjure Flame            Conj/Fire      6%           30%         3


Dungeon Overview and Level Annotations

Branches:
Dungeon (4/15)
 Temple: D:4-7

Altars:
Hepliaklqana
Kikubaaqudgha
Nemelex Xobeh
Qazlal
Trog
Wu Jian
Yredelemnul


Innate Abilities, Weirdness & Mutations

You cannot wear most types of armour.
You are very stealthy in the water. (Stealth+)
You are amphibious.
You can wear up to eight rings at the same time.
You can use your tentacles to constrict eight enemies at once.
Your skin changes colour to match your surroundings (Stealth+).
Your rubbery body absorbs attacks. (AC +1, EV +1)


Message History

The iguana closely misses you.
You completely miss the iguana.
You squeeze the iguana, but do no damage.
The iguana is lightly wounded.
You constrict the iguana, but do no damage.
The iguana closely misses you.
An iguana is nearby!
You barely miss the iguana.
The iguana is lightly wounded.
You constrict the iguana. The iguana bites you!
You are too injured to fight recklessly!
You hit the iguana. You squeeze the iguana.
The iguana is heavily wounded.
You constrict the iguana, but do no damage.
The iguana bites you!
* * * LOW HITPOINT WARNING * * *
You hit the iguana but do no damage. You squeeze the iguana.
The iguana is almost dead.
You constrict the iguana. The iguana bites you!
You die...

..#.# #.# #..)..............#
###.# #.# ########.......####
.##.# #.# ##>###### .##.# ... #.#
.##.# ... #.### ....# ...
#######...####### .####
#...#####........)##...[.
.####...........#.##.##...##.....
...............l@..#.###...)<....
.####....!......#..#.###.###.....
.# #...#####..#.....# #..... .# .
#..#.#..## ###### .# #......†##
.# ##.#.....# .# #.#.###.##### .#
#...# #.....### ##
###.###.......##


You could see an iguana.

Vanquished Creatures
  4 adders
  An adder skeleton (D:4)
  4 worms (D:2)
  A leopard gecko (D:2)
  An orc (D:3)
  A giant cockroach (D:2)
  4 goblins (D:1)
  10 hobgoblins
  7 kobolds
  3 quokkas
  A ball python (D:2)
  9 bats
  2 frilled lizards
  8 rats
56 creatures vanquished.

Vanquished Creatures (collateral kills)
  A quasit (D:3)
  A worm (D:2)
  A rat (D:2)
3 creatures vanquished.

Grand Total: 59 creatures vanquished

Notes
Turn   | Place    | Note
-------+----------+-------------------------------------------
     0 | D:1      | thiole the Octopode Hedge Wizard began the quest for the
                  | Orb.
     0 | D:1      | Reached XP level 1. HP: 11/11 MP: 4/4
   290 | D:1      | Reached XP level 2. HP: 2/17 MP: 1/6
  1345 | D:2      | Reached XP level 3. HP: 9/21 MP: 3/7
  1619 | D:2      | Learned a level 2 spell: Call Imp
  1622 | D:2      | Learned a level 2 spell: Slow
  1626 | D:2      | Learned a level 3 spell: Mephitic Cloud
  2403 | D:2      | Reached XP level 4. HP: 27/27 MP: 7/9
  2544 | D:2      | Noticed a moth of wrath
  2547 | D:2      | Found a bloodstained altar of Trog.
  2881 | D:2      | You fall into a shaft and drop 2 floors!
  2935 | D:3      | Reached skill level 1 in Air Magic
  3532 | D:3      | Reached skill level 1 in Hexes
  3534 | D:3      | Found an ornate altar of the Wu Jian Council.
  3534 | D:3      | Found a basalt altar of Yredelemnul.
  3534 | D:3      | Found a stormy altar of Qazlal.
  3536 | D:3      | Found an ancient bone altar of Kikubaaqudgha.
  3537 | D:3      | Found a hazy altar of Hepliaklqana.
  3538 | D:3      | Found a sparkling altar of Nemelex Xobeh.
  3629 | D:3      | Reached XP level 5. HP: 31/31 MP: 10/10
  3995 | D:3      | Slain by an iguana

Illustrated notes

Levels and vault maps discovered:
D:1:      doesnt_arrival_eight_statues, layout_loops_ring
D:2:      layout_loops_cross, tgw_trog, minmay_misc_feat_ornament,
          kennysheep_potato
D:3:      layout_loops_cross, grunt_temple_overflow_open
D:4:      layout_basic, led_sif_pool, marbit_many_paths,
          minmay_temple_entry_mist, uniq_eustachio

Skill      XL: |  1  2  3  4 |
---------------+-------------+-----
Stealth        | 3 |  3.9
Conjurations   | 2 |  2.0
Summonings     | 2 |  2.0
Air Magic      | 1 |  1.8
Hexes          | 1 |  1.1
Dodging        | |  2.0
Spellcasting   | |  3.5
Translocations | |  1.0

Action                   |  1- 3 |  4- 6 || total
-------------------------+-------+-------++-------
Melee: Dagger            |    49 |    41 ||    90
       Constrict         |    15 |    12 ||    27
       Tentacles         |     6 |    10 ||    16
 Cast: Magic Dart        |    72 |    57 ||   129
       Call Imp          |       |     6 ||     6
 Stab: Sleeping          |       |     2 ||     2
Armor: Skin              |     1 |     3 ||     4
Dodge: Dodged            |    24 |    14 ||    38
